 Dungeon Crawl Stone Soup version 0.30-a0-364-gf6b3ef1049 (webtiles) character file.

Game seed: 6709379101058683474

243 ytrimaz the Covered (level 6, -1/47 HPs)
             Began as a Formicid Fighter on Nov 15, 2022.
             Killed by divine providence
             ... invoked by an orc priest
              (15 damage)
             ... on level 3 of the Dungeon.
             The game lasted 00:02:41 (2179 turns).

ytrimaz the Covered (Formicid Fighter)              Turns: 2179, Time: 00:02:42

Health: -1/47      AC:  7    Str: 28    XL:     6   Next: 31%
Magic:  6/6        EV:  9    Int:  8    God:
Gold:   169        SH:  5    Dex: 13    Spells: 5/5 levels left

rFire   . . .      SeeInvis +    a - +1 war axe
rCold   . . .      Faith    .    c - +0 buckler
rNeg    . . .      Spirit   .    b - +0 scale mail
rPois   .          Reflect  .    (helmet unavailable)
rElec   .          Harm     .    (no cloak)
rCorr   .          Rampage  .    (no gloves)
Will    .....                    (no boots)
Stlth   ..........               i - amulet of regeneration
HPRegen 1.07/turn                f - +6 ring of strength
MPRegen 0.10/turn                (no ring)

@: no status effects
A: permanent stasis, dig shafts and tunnels, antennae 3, four strong arms
a: Dig, Shaft Self


You were on level 3 of the Dungeon.
You visited 1 branch of the dungeon, and saw 3 of its levels.

You collected 169 gold pieces.


Innate Abilities, Weirdness & Mutations

You cannot be hasted, slowed, berserked, paralysed or teleported.
You can dig through walls and to a lower floor.
You have a pair of large antennae on your head. (SInv)
Your four strong arms can wield two-handed weapons with a shield.


   Skills:
 - Level 3.2 Fighting
 + Level 4.5 Axes
 + Level 5.6 Armour
 - Level 4.0 Shields


You had 5 spell levels left.
You didn't know any spells.
Your spell library contained the following spells:

 Spells                   Type           Power      Damage    Failure   Level
 Slow                     Hex            0%         N/A       73%         1
 Sublimation of Blood     Necr           0%         N/A       86%         2
 Wereblood                Tmut           0%         N/A       86%         2
 Confusing Touch          Hex            0%         N/A       97%         3
 Vampiric Draining        Necr           0%         2d6       97%         3
 Passage of Golubria      Tloc           0%         N/A       100%        4
 Silence                  Hex/Air        0%         N/A       100%        5
 Summon Hydra             Summ           0%         N/A       100%        7
 Lehudib's Crystal Spear  Conj/Erth      0%         10d2      100%        8

Inventory:

Hand Weapons
 a - a +1 war axe (weapon)
Missiles
 j - 6 javelins
 l - 5 poisoned darts
Armour
 b - a +0 scale mail (worn)
 c - a +0 buckler (worn)
Jewellery
 e - an amulet of magic regeneration
   (You found it on level 1 of the Dungeon)
 f - a +6 ring of strength (left hand)
   (You found it on level 2 of the Dungeon)
 i - an amulet of regeneration (around neck)
   (You found it on level 1 of the Dungeon)
 o - a ring of wizardry
   (You found it on level 2 of the Dungeon)
Scrolls
 h - a scroll of immolation
 m - a scroll of fog
 n - a scroll of magic mapping
Potions
 d - a potion of might
 g - a potion of lignification
 k - a potion of attraction {unknown}
 p - 2 potions of berserk rage {unknown}
 q - a potion of invisibility {unknown}
 s - a potion of brilliance {unknown}

Dungeon Overview and Level Annotations

Branches:
Dungeon (3/15) Zot: 15752

Altars:
Zin

Shops:
D:2

[ .## #.# #..#.# #.## #.#
#..#.# .#.# #.# #..#.#
.### ######### #.# #.(#.#
## #.......###.# #..#.#
#.....!...#.# #..#.####
##....(....#.# #..#.#...
#..........#.# #..#.#.##
#.......@o.#.####..#.#.#
#.[....#...#.#.....#.#.#
#......#...#†#.##.##.#.#
#......#...#.#.#..##.#.#
.#......#####.#.......#.#
........## #........<#.#
######...#####...######.##
###.....#..........#.
#.....#.##########.


You could see an orc priest.


Message History

You closely miss the hobgoblin.
The hobgoblin hits you but does no damage.
You closely miss the hobgoblin. The hobgoblin closely misses you.
The hobgoblin hits you.
You slash the hobgoblin!
You kill the hobgoblin!
Unknown command.
No target in view!
A phantom comes into view.
A phantom is nearby!
A phantom is nearby!
The phantom hits you but does no damage.
You miss the phantom. The phantom hits you. 😕 HP[-5]
You take 5 damage, and now have 36/41 hp.
You closely miss the phantom.
The phantom hits you but does no damage.
The phantom hits you. 😕 HP[-1]
You take 1 damage, and now have 35/41 hp.
You slash the phantom! The phantom barely misses you. 😕 HP[+1]
You slash the phantom! The phantom barely misses you. 😕 HP[+1]
You hit the phantom. You block the phantom's attack.
The phantom barely misses you. 😕 HP[+2]
You regained 2 hp, and now have 39/41 hp.
You closely miss the phantom.
The phantom misses you. 😕 HP[+1] Unknown command.
You closely miss the phantom.
The phantom hits you but does no damage. 😎 HP[+1]
Your hp is fully restored (41).
You slash the phantom!
You destroy the phantom!
You have reached level 6! 😎 HP[+6] MP[+1]
You now have 47 max hp (+6).
Your hp is fully restored (47).
Your mp is fully restored (6).
No target in view!
Found a stone staircase leading up.
You see here a +0 robe.
You see here a +0 rapier.
Key pressed, stopping explore.
Found a stone staircase leading down.
As you read the scroll labelled GERUCS MIMUZXU, it crumbles to dust.
It is a scroll of enchant weapon.
Your +0 war axe glows red for a moment.
You see here 2 stones.
There is an open door here.
Key pressed, stopping explore.
There is an open door here.
Key pressed, stopping explore.
An orc priest comes into view. It is wielding a +0 war axe.
The orc priest shouts!
The orc priest invokes the aid of Beogh against you.
Beogh smites you! 😕 HP[-10]
You take 10 damage, and now have 37/47 hp.
MASSIVE DAMAGE!! (PAUSE) 😕 HP[+1] Unknown command.
The orc priest mumbles some strange prayers to Beogh against you.
Beogh smites you! 😮 HP[-12]
You take 12 damage, and now have 26/47 hp.
MASSIVE DAMAGE!! (PAUSE)
You barely miss the orc priest.
The orc priest hits you with a +0 war axe!
* * * LOW HITPOINT WARNING * * *
You are too injured to fight recklessly! 😨 HP[-9]
You take 9 damage, and now have 17/47 hp.
You barely miss the orc priest. You block the orc priest's attack.
Unknown command. 😨 HP[+2]
You regained 2 hp, and now have 19/47 hp.
You slash the orc priest!
The orc priest hits you with a +0 war axe.
* * * LOW HITPOINT WARNING * * *
😨 HP[-1]
You take 1 damage, and now have 18/47 hp.
You hit the orc priest.
The orc priest hits you with a +0 war axe.
* * * LOW HITPOINT WARNING * * *
The orc priest closely misses you.
Unknown command. 😨 HP[-3]
You take 3 damage, and now have 15/47 hp.
You barely miss the orc priest.
The orc priest hits you with a +0 war axe.
* * * LOW HITPOINT WARNING * * *
😨 HP[-2]
You take 2 damage, and now have 13/47 hp.
You hit the orc priest.
The orc priest calls down the wrath of Beogh upon you.
Beogh smites you!
You die...

Skill      XL: |  1  2  3  4  5 |
---------------+----------------+-----
Armour         | 4 5 |  5.6
Axes           | 3 4 |  4.5
Fighting       | |  3.2
Shields        | |  4.0

Action                   |  1- 3 |  4- 6 || total
-------------------------+-------+-------++-------
Melee: War axe           |    89 |    92 ||   181
  Use: Scroll            |     7 |     1 ||     8
Armor: Scale mail        |    45 |    39 ||    84
Dodge: Dodged            |    51 |    48 ||    99
Block: Buckler           |    26 |    26 ||    52

Levels and vault maps discovered:
D:1:      eino_arrival_water_star, layout_rooms
D:2:      layout_basic, basic_altar, serial_shops, shop_fountains, hex_large,
          kennysheep_generic_room_6
D:3:      wad_crossroads, layout_basic, fedhas_altar_4,
          chequers_ecumenical_altar_simple

Notes
Turn   | Place    | Note
-------+----------+-------------------------------------------
     0 | D:1      | ytrimaz the Formicid Fighter began the quest for the Orb.
     0 | D:1      | Reached XP level 1. HP: 18/18 MP: 1/1
     0 | D:1      | magus.rc [v1.9.6]
   101 | D:1      | Reached XP level 2. HP: 24/24 MP: 2/2
   593 | D:2      | Reached skill level 4 in Armour
   593 | D:2      | Reached XP level 3. HP: 29/29 MP: 3/3
   609 | D:2      | Reached skill level 3 in Axes
   671 | D:2      | Found a glowing silver altar of Zin.
   925 | D:2      | Reached XP level 4. HP: 35/35 MP: 4/4
   981 | D:2      | Reached XP level 5. HP: 31/41 MP: 5/5
  1035 | D:2      | Found Asmoed's Antique Armour Shop.
  1525 | D:3      | You pick up a book of Debilitation and begin reading...
  1525 | D:3      | You add the spells Slow, Vampiric Draining and Confusing
                  | Touch to your library.
  1660 | D:3      | Reached skill level 4 in Axes
  1660 | D:3      | Reached skill level 5 in Armour
  1835 | D:3      | Found a faded altar of an unknown god.
  1867 | D:3      | You pick up a book of Blood and begin reading...
  1867 | D:3      | You add the spells Sublimation of Blood, Wereblood and
                  | Summon Hydra to your library.
  1891 | D:3      | You pick up a book of the Moon and begin reading...
  1891 | D:3      | You add the spells Passage of Golubria, Silence and
                  | Lehudib's Crystal Spear to your library.
  2009 | D:3      | Noticed a phantom
  2018 | D:3      | Killed a phantom
  2019 | D:3      | Reached XP level 6. HP: 47/47 MP: 6/6
  2179 | D:3      | Killed from afar by an orc priest

Vanquished Creatures
  A phantom (D:3)
  An orc priest (D:2)
  2 orc wizards
  3 adders
  A dart slug (D:1)
  6 orcs
  4 bats
  5 endoplasms
  4 giant cockroaches
  9 goblins
  5 hobgoblins
  2 kobolds
  A quokka (D:3)
  7 ball pythons
  2 frilled lizards (D:3)
  4 rats
57 creatures vanquished.

Table legend:
 A = Non-vault XP
 B = Vault XP
 C = Vault XP percentage of total XP
 D = Non-vault monster count
 E = Vault monster count
 F = Vault count percentage of total count
                 A         B        C        D         E       F
            +---------+---------+-------+---------+---------+-------
      Total |     340 |       8 |   2.3 |      52 |       5 |   8.8
            +---------+---------+-------+---------+---------+-------
        D:1 |      28 |       0 |   0.0 |      14 |       0 |   0.0
        D:2 |     139 |       2 |   1.4 |      23 |       1 |   4.2
        D:3 |     173 |       6 |   3.4 |      15 |       4 |  21.1
            +---------+---------+-------+---------+---------+-------

Illustrated notes

Table legend:
 A = Kills in this place as a percentage of kills in entire the game.
 B = Kills by you in this place as a percentage of kills by you in the entire game.
 C = Kills by friends in this place as a percentage of kills by friends in the entire game.
 D = Other kills in this place as a percentage of other kills in the entire game.
 E = Experience gained in this place as a percentage of experience gained in the entire game.
 F = Experience gained in this place divided by the number of levels of this place that you have seen.
                   A       B       C       D       E      F
               +-------+-------+-------+-------+-------+----------------------
         Total | 100.0 | 100.0 |   N/A |   N/A | 100.0 | 116.0
       Dungeon | 100.0 | 100.0 |   N/A |   N/A | 100.0 | 116.0
               +-------+-------+-------+-------+-------+----------------------

Table legend: (Time is in decaauts)
 A = Elapsed time spent in this place.
 B = Non-inter-level travel time spent in this place.
 C = Inter-level travel time spent in this place.
 D = Time resting spent in this place.
 E = Time spent auto-exploring this place.
 F = Levels seen in this place.
 G = Mean time per level.
                   A        B        C        D        E       F      G
               +--------+--------+--------+--------+--------+-----+--------+
         Total |   2246 |   2220 |     26 |      0 |   1650 |   3 |  748.7 |
       Dungeon |   2246 |   2220 |     26 |      0 |   1650 |   3 |  748.7 |
               +--------+--------+--------+--------+--------+-----+--------+

Top non-repeatable levels by time:
     D:2: 975 daAuts
     D:3: 684 daAuts
     D:1: 586 daAuts
